 Dungeon Crawl Stone Soup version 0.28.0 (webtiles) character file.

Game seed: 2018636588874894568

6104 ChongLi the Scholar of Death (level 10, -11/63 HPs)
             Began as a Demonspawn Necromancer on Feb 17, 2022.
             Was a Follower of Kikubaaqudgha.
             Mangled by an orc knight (21 damage)
             ... on level 10 of the Dungeon.
             The game lasted 01:16:38 (12211 turns).

ChongLi the Scholar of Death (DsNe)                Turns: 12211, Time: 01:16:40

Health: -11/63     AC:  7    Str: 15    XL:     10   Next: 58%
Magic:  13/23      EV: 17    Int: 21    God:    Kikubaaqudgha [*.....]
Gold:   1292       SH:  0    Dex: 19    Spells: 2/27 levels left

rFire   . . .      SeeInvis .   a - +5 scimitar
rCold   . . .      Faith    .   (no shield)
rNeg    . . .      Spirit   .   q - +3 leather armour of Nemelex Xobeh's Wrath {Str+6}
rPois   .          Reflect  .   (helmet restricted)
rElec   .          Harm     .   n - +0 cloak
rCorr   .          Rampage  .   (no gloves)
Will    +....                   (no boots)
Stlth   ++........              (no amulet)
HPRegen 0.20/turn               w - +6 ring of dexterity
MPRegen 0.18/turn               y - ring of willpower

@: agile
A: antennae 2, claws 2, powered by pain 1, demonic magic 2
a: Renounce Religion, Receive Corpses


You were on level 10 of the Dungeon.
You worshipped Kikubaaqudgha.
Kikubaaqudgha was aware of your devotion.
You visited 2 branches of the dungeon, and saw 11 of its levels.

You collected 1496 gold pieces.
You spent 204 gold pieces at shops.

Inventory:

Hand Weapons
 a - a +5 scimitar (weapon)
 b - a +2 scimitar of flaming
 L - a +2 dagger of speed
Missiles
 J - 2 boomerangs of dispersal
 O - 3 atropa-tipped darts
Armour
 d - a +0 troll leather armour
 n - a +0 cloak (worn)
 o - a +2 robe of fire resistance
 q - the +3 leather armour of Nemelex Xobeh's Wrath (worn) {Str+6}
   (You found it on level 4 of the Dungeon)

   Str:       It affects your strength (+6).
 M - a +2 robe of willpower
Jewellery
 v - a ring of fire
 w - a +6 ring of dexterity (left claw)
 y - a ring of willpower (right claw)
 E - a ring of ice
 F - a ring of ice
 G - a +6 ring of dexterity
Wands
 f - a wand of flame (25)
 p - a wand of iceblast (6)
 t - a wand of charming (11)
 z - a wand of digging (1)
 I - a wand of paralysis (6)
Scrolls
 c - a scroll of teleportation
 g - 2 scrolls of noise
 i - 2 scrolls of immolation
 j - a scroll of magic mapping {unknown}
 l - a scroll of enchant armour
 r - 2 scrolls of enchant weapon
 s - 2 scrolls of silence
 u - a scroll of amnesia
 x - a scroll of summoning
 A - 2 scrolls of fear {unknown}
 H - 2 scrolls of vulnerability {unknown}
 N - a scroll of fog {unknown}
Potions
 e - a potion of lignification {unknown}
 h - a potion of invisibility {unknown}
 k - a potion of cancellation {unknown}
 m - 3 potions of curing
 B - a potion of berserk rage {unknown}
 C - a potion of ambrosia {unknown}
 D - a potion of resistance {unknown}
 K - a potion of flight
 P - 2 potions of brilliance {unknown}


   Skills:
 - Level 1.7 Dodging
 - Level 1.7 Stealth
 * Level 9.1 Spellcasting
 + Level 14.5 Necromancy


You had 2 spell levels left.
You knew the following spells:

 Your Spells              Type           Power      Damage    Failure   Level
a - Pain                  Necr           100%       1d9       1%          1
b - Vampiric Draining     Necr           63%        2d10      1%          3
c - Corpse Rot            Necr/Air       80%        N/A       1%          2
d - Animate Dead          Necr           31%        N/A       1%          4
e - Agony                 Necr           63%        N/A       1%          5
f - Dispel Undead         Necr           63%        3d22      1%          4
g - Death Channel         Necr           31%        N/A       3%          6

Your spell library contained the following spells:

 Spells                   Type           Power      Damage    Failure   Level
 Animate Skeleton         Necr           100%       N/A       1%          1
 Sublimation of Blood     Necr           63%        N/A       1%          2
 Foxfire                  Conj/Fire      36%        2x1d5     9%          1
 Conjure Flame            Conj/Fire      9%         6-21      26%         3
 Ignite Poison            Fire/Tmut/Pois 9%         N/A       26%         3
 Inner Flame              Hex/Fire       9%         N/A       26%         3
 Ozocubu's Armour         Ice            9%         N/A       26%         3
 Summon Guardian Golem    Hex/Summ       9%         N/A       26%         3
 Simulacrum               Ice/Necr       20%        N/A       56%         6
 Flame Wave               Conj/Fire      9%         2d5       65%         4
 Sticky Flame             Conj/Fire      9%         2d3       65%         4
 Summon Lightning Spire   Summ/Air       9%         N/A       65%         4
 Metabolic Englaciation   Hex/Ice        4%         N/A       94%         5
 Orb of Destruction       Conj           4%         9d5       100%        7
 Spellforged Servitor     Conj/Summ      4%         N/A       100%        7
 Storm Form               Tmut/Air       4%         N/A       100%        7
 Maxwell's Capacitive Co  Air            4%         ∞         100%        8


Dungeon Overview and Level Annotations

Branches:
Dungeon (10/15)            Temple (1/1) D:4             Orc (0/2) D:10
   Lair: D:8-11

Altars:
Ashenzari
Cheibriados
Dithmenos
Elyvilon
Fedhas
Gozag
Hepliaklqana
Kikubaaqudgha
Makhleb
Nemelex Xobeh
Okawaru
Qazlal
Ru
Sif Muna
Trog
Uskayaw
Vehumet
Wu Jian
Xom
Yredelemnul
Zin
The Shining One

Shops:
D:6 ([:=   D:7 *   D:8 !

Annotations:
D:5 2 transporters, TheOneDM's ghost, novice MiFi
D:8 Harold


Innate Abilities, Weirdness & Mutations

You have a pair of antennae on your head.
You have very sharp fingernails.
You sometimes gain a little power by taking damage.
Spells you cast may paralyse nearby enemies.


Message History

Casting: Vampiric Draining (safe; 1% risk of failure)
Confirm with . or Enter, or press ? or * to list all spells.
Aiming: Pain (safe; 1% risk of failure)
Press: ? - help, Shift-Dir - straight line, f/p - orc knight
Aim: an orc knight, wielding a +3 long sword and wearing a +0 plate armour (severely wounded, chance to affect: 70%)
The orc knight writhes in agony.
Malevolent energies surge around you.
The orc knight hits you with a +3 long sword!
You hit the orc knight but do no damage.
The orc knight is almost dead.
The orc knight closely misses you. The orc knight completely misses you.
You slash the orc knight!
The orc knight is almost dead.
The orc knight hits you but does no damage.
You hit the orc knight but do no damage.
The orc knight is almost dead.
The orc knight hits you with a +3 long sword!!
You focus on the pain.
You feel your power returning.
The orc knight hits you with a +3 long sword!!
* * * LOW HITPOINT WARNING * * *
You focus on the pain.
You feel agile all of a sudden.
Okay, then.
Okay, then.
Aiming: Throw Flame
Press: ? - help, Shift-Dir - straight line, f/p - orc knight
Aim: an orc knight, wielding a +3 long sword and wearing a +0 plate armour (almost dead, 68% to hit)
Okay, then.
Unknown command.
Aiming: Paralyse
Press: ? - help, Shift-Dir - straight line, f/p - orc knight
Aim: an orc knight, wielding a +3 long sword and wearing a +0 plate armour (almost dead, chance to affect: 31%)
Okay, then.
Aiming: Throw Flame
Press: ? - help, Shift-Dir - straight line, f/p - orc knight
Aim: an orc knight, wielding a +3 long sword and wearing a +0 plate armour (almost dead, 68% to hit)
The puff of flame hits the orc knight but does no damage.
The orc knight is almost dead.
The orc knight hits you with a +3 long sword!!
You die...
Kikubaaqudgha rasps: "You have failed me!
Welcome... death!"

.#
#######......................
..
#...........###'##....#######
.. #...........# #.##.#+#..
#...(....#### #.##.#.#.#
#........# #.##.#.#.######
########## #.##.#.#.......
############.##+#......###
+......'..##......####.#
########o@##......# #.#
########..##......# #.#
#......#..##......# #.#
#......)..##......# #.#
#......#####......# #..
#'##########..).### ###
#......#...'....#
#.))...#.#.#........
#...)..#.#.#...##.##


You could see an orc knight.

Vanquished Creatures
  A death knight (D:7)
  Erica (D:10)
  A troll (D:9)
  Sigmund (D:2)
  A basilisk (shapeshifter) (D:8)
  3 yaks (D:9)
  A steam dragon (D:7)
  Edmund (D:4)
  3 water moccasins
  An ice beast (D:5)
  3 orc warriors
  3 necrophages (D:5)
  5 ogres
  2 centaurs
  2 phantoms
  3 bullfrogs
  A gnoll sergeant (D:9)
  A wyvern zombie (D:6)
  A scorpion (D:6)
  A wyvern skeleton (D:6)
  A water moccasin zombie (D:9)
  2 water moccasin skeletons
  5 killer bees (D:9)
  3 howler monkeys
  5 wights
  An electric eel (D:6)
  2 lava snakes (D:7)
  A centaur zombie (D:9)
  A hound (D:6)
  3 orc priests
  Crazy Yiuf (D:3)
  A centaur skeleton (D:5)
  A scorpion zombie (D:5)
  Ijyb (D:3)
  4 iguanas
  6 orc wizards
  A hound skeleton (D:5)
  11 gnolls
  4 adders
  3 shadow imps
  4 worms
  2 dart slugs
  29 orcs
  8 ball pythons
  4 endoplasms
  A giant cockroach (D:2)
  4 goblins
  6 hobgoblins
  2 quokkas
  7 bats
  5 frilled lizards
  7 kobolds
  6 rats
178 creatures vanquished.

Vanquished Creatures (collateral kills)
  A howler monkey (D:9)
  An orc wizard (D:9)
  A gnoll (D:9)
  4 orcs (D:10)
7 creatures vanquished.

Vanquished Creatures (others)
  A wight (D:7)
  52 plants
53 creatures vanquished.

Grand Total: 238 creatures vanquished

Notes
Turn   | Place    | Note
-------+----------+-------------------------------------------
     0 | D:1      | ChongLi the Demonspawn Necromancer began the quest for the
                  | Orb.
     0 | D:1      | Reached XP level 1. HP: 13/13 MP: 3/3
     2 | D:1      | Learned a level 1 spell: Animate Skeleton
   657 | D:1      | Gained mutation: Spells you cast may paralyse adjacent
                  | enemies. [demonic ancestry]
   657 | D:1      | Reached XP level 2. HP: 16/19 MP: 1/5
   829 | D:1      | Reached skill level 5 in Necromancy
  1876 | D:2      | Found a faded altar of an unknown god.
  1923 | D:2      | Gained mutation: Spells you cast may paralyse nearby
                  | enemies. [demonic ancestry]
  1923 | D:2      | Reached XP level 3. HP: 14/24 MP: 1/6
  2124 | D:2      | Noticed Sigmund
  2136 | D:2      | Killed Sigmund
  2137 | D:2      | Reached skill level 6 in Necromancy
  2137 | D:2      | Discovered your monstrous ancestry.
  2137 | D:2      | Gained mutation: You have sharp fingernails. [demonic
                  | ancestry]
  2137 | D:2      | Reached XP level 4. HP: 28/30 MP: 4/8
  2137 | D:2      | Gained mutation: You have a pair of small antennae on your
                  | head. [demonic ancestry]
  2137 | D:2      | Reached XP level 5. HP: 33/35 MP: 4/9
  2738 | D:2      | Learned a level 3 spell: Vampiric Draining
  2803 | D:2      | Reached skill level 7 in Necromancy
  3255 | D:3      | Found a runed translucent door.
  3256 | D:3      | Noticed Crazy Yiuf
  3265 | D:3      | Killed Crazy Yiuf
  3266 | D:3      | Gained mutation: You have a pair of antennae on your head.
                  | [demonic ancestry]
  3266 | D:3      | Reached XP level 6. HP: 38/41 MP: 5/11
  3307 | D:3      | Noticed Ijyb
  3325 | D:3      | Killed Ijyb
  3706 | D:4      | Identified the +3 leather armour of Nemelex Xobeh's Wrath
                  | {Str+6}
  3855 | D:4      | You fall into a shaft and drop 1 floor!
  3855 | D:5      | Entered Level 5 of the Dungeon
  3884 | D:5      | Found a transporter.
  3946 | D:5      | Reached skill level 8 in Necromancy
  3961 | D:5      | Gained mutation: You have very sharp fingernails. [demonic
                  | ancestry]
  3961 | D:5      | Reached XP level 7. HP: 19/46 MP: 0/13
  4199 | D:6      | Found Oramymel's Jewellery Emporium.
  4202 | D:6      | Found Myoraac's Armour Emporium.
  4203 | D:6      | Found Zeuzxoy's Antique Weapon Emporium.
  4205 | D:6      | Found Isicwuef's Book Emporium.
  4515 | D:5      | Reached skill level 9 in Necromancy
  4637 | D:5      | Found a stormy altar of Qazlal.
  4737 | D:4      | Learned a level 4 spell: Animate Dead
  4743 | D:4      | Learned a level 5 spell: Agony
  4749 | D:4      | Noticed Edmund
  4855 | D:4      | Found a staircase to the Ecumenical Temple.
  4883 | Temple   | Entered the Ecumenical Temple
  5555 | D:4      | Killed Edmund
  5556 | D:4      | Reached XP level 8. HP: 44/52 MP: 6/15
  5703 | D:5      | Reached skill level 10 in Necromancy
  6015 | D:5      | Identified 2 scrolls of acquirement
  6015 | D:5      | Acquired 994 gold pieces
  6017 | D:5      | Acquired a book of Decay
  6041 | D:5      | Noticed TheOneDM's ghost (novice MiFi)
  6233 | D:5      | Found a transporter.
  6517 | D:6      | Reached skill level 5 in Spellcasting
  6882 | D:6      | Learned a level 4 spell: Dispel Undead
  7090 | D:6      | Reached skill level 11 in Necromancy
  7833 | D:7      | Found an ancient bone altar of Kikubaaqudgha.
  7841 | D:7      | Became a worshipper of Kikubaaqudgha
  7877 | D:7      | Found a broken altar of Ashenzari.
  7986 | D:7      | Gained mutation: You sometimes gain a little power by
                  | taking damage. [demonic ancestry]
  7986 | D:7      | Reached XP level 9. HP: 48/57 MP: 9/18
  8123 | D:7      | Reached skill level 12 in Necromancy
  8134 | D:7      | Found a sacrificial altar of Ru.
  8290 | D:7      | Noticed a death knight
  8291 | D:7      | Found a hide-covered altar of Uskayaw.
  8305 | D:7      | Killed a death knight
  8306 | D:7      | Reached skill level 13 in Necromancy
  8754 | D:7      | Found Vuduq's Assorted Antiques.
  8958 | D:7      | Bought a scroll labelled KOROPH USUA for 31 gold pieces
  8958 | D:7      | Bought a viscous amethyst potion for 27 gold pieces
  8958 | D:7      | Bought a scroll labelled ROK QEFAXUTOL for 31 gold pieces
  8958 | D:7      | Bought a scroll labelled JONTYI MOCKEA for 31 gold pieces
  9768 | D:8      | Found Xeolol's Distillery.
  9777 | D:8      | Bought a potion of flight for 36 gold pieces
  9777 | D:8      | Bought a potion of curing for 36 gold pieces
  9777 | D:8      | Bought a potion of degeneration for 12 gold pieces
 10347 | D:8      | Noticed Harold
 10621 | D:9      | Noticed a troll
 10626 | D:9      | Killed a troll
 10627 | D:9      | Reached XP level 10. HP: 63/63 MP: 15/21
 10679 | D:9      | Reached skill level 14 in Necromancy
 10784 | D:9      | Reached * piety under Kikubaaqudgha
 10784 | D:9      | Received a gift from Kikubaaqudgha
 10840 | D:9      | Learned a level 6 spell: Death Channel
 11443 | D:9      | Learned a level 2 spell: Corpse Rot
 11493 | D:9      | Found a faded altar of an unknown god.
 11493 | D:9      | Found a hazy altar of Hepliaklqana.
 11493 | D:9      | Found a faded altar of an unknown god.
 11686 | D:10     | Entered Level 10 of the Dungeon
 11766 | D:10     | Found a staircase to the Orcish Mines.
 11843 | D:10     | Noticed Erica
 11857 | D:10     | Killed Erica
 12194 | D:10     | Noticed an orc knight
 12211 | D:10     | Mangled by an orc knight

Illustrated notes

Levels and vault maps discovered:
D:1:      zelgadis_glass_arrival_small, layout_basic
D:2:      layout_rooms, hellmonk_ecumenical_altar_heavens_door,
          kennysheep_generic_room_14, uniq_sigmund
D:3:      layout_rooms, uniq_ijyb, uniq_crazy_yiuf_cottage
D:4:      layout_basic, minmay_temple_entry_statues, uniq_edmund
D:5:      layout_loops_cross, old_standard_altar, gammafunk_ghost_mausoleum,
          st_stairs_1, hangedman_decor_growths, kennysheep_diamond,
          chequers_big_river, nrook_loot_triangle
D:6:      layout_loops_cross, minmay_misc_feat_nine_boxes,
          minmay_misc_feat_rugged, minmay_shop_grid_forest,
          kennysheep_cross_room, chequers_serial_rivers_small_3
D:7:      layout_basic, mainiacjoe_overflow_catch_the_wave,
          hangedman_feature_mirror, nicolae_inconvenience_store,
          hangedman_abyss_or_decor_stabs
D:8:      layout_layer_cave, special_room [special_room_orc], serial_shops,
          shop, minmay_misc_feat_ornament, supply_closet_lemuel, uniq_harold
D:9:      layout_cave_pools, nicolae_hepliaklqana_ecumenical_no_more,
          serial_bayou_lagoon_a, st_stairs_13, kennysheep_nondescript
D:10:     cheibrodos_orc_bank, layout_basic, orc_0_dummy, uniq_erica
Temple:   dpeg_five_rooms_temple

Skill      XL: |  1  2  3  4  5  6  7  8  9 10 |
---------------+-------------------------------+-----
Necromancy     | 5 6 7 8 9 11 13 14 | 14.5
Spellcasting   | 3 4 6 7 9 |  9.1
Dodging        | |  1.7
Stealth        | |  1.7

Action                   |  1- 3 |  4- 6 |  7- 9 | 10-12 || total
-------------------------+-------+-------+-------+-------++-------
Melee: Unarmed           |    10 |       |       |       ||    10
       Short sword       |    10 |    25 |       |       ||    35
       Punch             |     1 |     1 |       |     1 ||     3
       Quarterstaff      |       |    29 |    91 |       ||   120
       Dagger            |       |    13 |     1 |       ||    14
       Scimitar          |       |       |    11 |    53 ||    64
Throw: Dart              |       |       |     2 |       ||     2
 Cast: Pain              |    50 |    64 |   142 |    55 ||   311
       Animate Skeleton  |       |     5 |       |       ||     5
       Vampiric Draining |       |     4 |    36 |    17 ||    57
       Animate Dead      |       |       |     6 |     5 ||    11
       Dispel Undead     |       |       |     8 |     2 ||    10
       Agony             |       |       |     4 |     4 ||     8
       Death Channel     |       |       |       |     2 ||     2
Evoke: Wand              |       |       |       |     1 ||     1
  Use: Scroll            |     1 |     1 |     5 |     5 ||    12
       Potion            |       |       |     6 |     1 ||     7
 Stab: Paralysed         |    16 |    19 |    38 |    29 ||   102
       Sleeping          |       |     4 |     1 |       ||     5
Armor: Robe              |     7 |     7 |       |       ||    14
       Leather armour    |       |    22 |    45 |    15 ||    82
Dodge: Dodged            |    11 |    49 |    75 |    45 ||   180
